 Dungeon Crawl Stone Soup version 0.31.0-11-ge490571c62 (webtiles) character file.

Game seed: 15612240436822051748

16463 Aldia the Nimble (level 12, 0/64 HPs)
             Began as a Felid Summoner on Feb 9, 2024.
             Was a Believer of Kikubaaqudgha.
             Killed from afar by an electric eel (10 damage)
             ... with a bolt of electricity
             ... on level 11 of the Dungeon on Feb 10, 2024.
             The game lasted 00:43:29 (12145 turns).

Aldia the Nimble (Felid Summoner)                  Turns: 12145, Time: 00:43:29

Health: 0/64       AC:  3    Str:  4    XL:     12   Next: 10%
Magic:  11/26      EV: 23    Int: 37    God:    Kikubaaqudgha [**....]
Gold:   188        SH:  0    Dex: 16    Spells: 5/29 levels left
                                        Lives:  0   Deaths: 4

rFire   . . .        (weapon unavailable)
rCold   + . .        (shield unavailable)
rNeg    . . .        (body armour unavailable)
rPois   .            (helmet unavailable)
rElec   .            (cloak unavailable)
rCorr   .            (gloves unavailable)
SInv    +            (boots unavailable)
Will    +....        f - amulet of magic regeneration
Stlth   +++          c - +6 ring of intelligence
HPRegen 0.30/turn    u - +6 ring of intelligence
MPRegen 0.60/turn

%: no passive effects
@: animating dead, very slightly contaminated, inugami summoned
A: very small, claws 1, fangs 3, see invisible, shaggy fur 3, stealthy paws, no
weapons or thrown items, no armour, multi-lived
a: Renounce Religion, Unearth Wretches


You were on level 11 of the Dungeon.
You worshipped Kikubaaqudgha.
Kikubaaqudgha was pleased with you.
You visited 2 branches of the dungeon, and saw 12 of its levels.
You also visited: Sewer.

You collected 656 gold pieces.
You spent 468 gold pieces at shops.

Inventory:

Jewellery
 c - a +6 ring of intelligence (left paw)
 f - an amulet of magic regeneration (around neck)
 t - a ring of poison resistance
 u - a +6 ring of intelligence (right paw)
 w - a +6 ring of dexterity
 B - an amulet of reflection
Talismans
 A - a serpent talisman
Wands
 s - a wand of acid (7)
 y - a wand of paralysis (12)
 G - a wand of roots (4)
Scrolls
 g - 2 scrolls of blinking
 h - 3 scrolls of fog
 i - 4 scrolls of teleportation
 j - a scroll of immolation
 n - 2 scrolls of poison
 p - a scroll of fear
 r - 2 scrolls of revelation
 v - a scroll of silence
 x - 3 scrolls of vulnerability
 C - a scroll of butterflies
 F - a scroll of noise
 J - a scroll of identify
Potions
 a - 4 potions of magic
 b - 5 potions of curing
 d - 6 potions of brilliance
 e - a potion of berserk rage
 k - a potion of ambrosia
 l - 2 potions of haste
 m - 2 potions of mutation
 o - 3 potions of might
 q - a potion of heal wounds
 z - a potion of attraction
 D - a potion of lignification
 E - a potion of enlightenment
 H - a potion of invisibility
 I - a potion of cancellation


   Skills:
 + Level 7.6 Fighting
 - Level 10.0 Dodging
 + Level 3.8 Stealth
 + Level 9.1 Spellcasting
 - Level 9.0 Summonings
 * Level 7.6 Necromancy
 - Level 5.0 Fire Magic
 - Level 5.0 Air Magic
 - Level 2.2 Shapeshifting


You had 5 spell levels left.
You knew the following spells:

 Your Spells              Type           Power      Damage    Failure   Level
a - Summon Small Mammal   Summ           100%       N/A       1%          1
b - Call Imp              Summ           100%       N/A       1%          2
c - Call Canine Familiar  Summ           70%        N/A       1%          3
d - Summon Blazeheart Go  Fire/Summ      62%        N/A       1%          4
e - Summon Lightning Spi  Summ/Air       62%        N/A       1%          4
f - Animate Dead          Necr           65%        N/A       1%          4
g - Death Channel         Necr           32%        N/A       16%         6

Your spell library contained the following spells:

 Spells                   Type           Power      Damage    Failure   Level
 Necrotise                Necr           100%       1d9       1%          1
 Cigotuvi's Dreadful Rot  Necr/Alch/Air  94%        N/A       1%          2
 Mercury Vapours          Alch/Air       70%        N/A       1%          2
 Summon Ice Beast         Ice/Summ       50%        N/A       1%          3
 Vampiric Draining        Necr           65%        2d10      1%          3
 Dispel Undead            Necr           65%        3d22      1%          4
 Martyr's Knell           Necr/Summ      67%        N/A       1%          4
 Freeze                   Ice            64%        1d7       2%          1
 Sting                    Conj/Alch      64%        1d7       2%          1
 Jinxbite                 Hex            32%        N/A       3%          2
 Lesser Beckoning         Tloc           32%        N/A       3%          2
 Frozen Ramparts          Ice            32%        1d5       7%          3
 Gell's Gravitas          Tloc           16%        N/A       7%          3
 Hailstorm                Conj/Ice       16%        3d6       7%          3
 Teleport Other           Tloc           16%        N/A       7%          3
 Summon Mana Viper        Hex/Summ       50%        N/A       11%         5
 Olgreb's Toxic Radiance  Alch           16%        N/A       24%         4
 Yara's Violent Unravell  Hex/Alch       8%         3d5       54%         5
 Monstrous Menagerie      Summ           35%        N/A       45%         7
 Enfeeble                 Hex            8%         N/A       100%        7


Dungeon Overview and Level Annotations

Branches:
Dungeon (11/15)            Temple (1/1) D:4            Lair (0/5) D:11
  Sewer (visited)
    Orc: D:9-12

Altars:
Ashenzari
Cheibriados
Dithmenos
Elyvilon
Fedhas
Gozag
Hepliaklqana
Kikubaaqudgha
Makhleb
Nemelex Xobeh
Okawaru
Qazlal
Ru
Sif Muna
Trog
Uskayaw
Vehumet
Wu Jian
Xom
Yredelemnul
Zin
The Shining One

Shops:
D:1 :   D:3 !   D:4 ?   D:6 ?   D:8 (   D:10 (

Annotations:
D:3 2 transporters, TheBioAlchemist's ghost, amateur SpEn
D:9 3 runed translucent doors
D:10 3 runed translucent doors, knightboat's ghost, journeyman DrCj


Innate Abilities, Weirdness & Mutations

You have sharp claws.
You have razor-sharp teeth.
You have supernaturally acute eyesight. (SInv)
Your thick and shaggy fur keeps you warm. (AC +3, rC+)
Your paws help you pounce on unaware monsters.
You are incapable of wielding weapons or throwing items.
You cannot wear armour.
You gain extra lives every three experience levels.


Message History

Kikubaaqudgha accepts your kill.
The dead are walking!
Your blazeheart golem punches the manticore.
Your life force feels restored.
Unknown command.
Unknown command.
Unknown command.
Unknown command.
Casting: Animate Dead (dangerous; 1% risk of failure)
Confirm with . or Enter, or press ? or * to list all spells.
A tiny devil pulls itself out of the air.
The electric eel shoots out a bolt of lightning at you!
The bolt of electricity hits your inugami.
The bolt of electricity hits you!
The manticore flicks its tail.
The volley of spikes skewers your inugami but does no damage.
Your inugami hits the manticore!
The electric eel shoots out a bolt of lightning at you!
The bolt of electricity hits your inugami.
The bolt of electricity hits you!
* * * LOW HITPOINT WARNING * * *
The manticore flicks its tail.
The volley of spikes skewers your inugami.
Your blazeheart golem punches the manticore!!
Your inugami hits the manticore.
Unknown command.
You carefully extract the barbed spikes from your body.
Your hound zombie bites the manticore but does no damage.
Your cerulean imp barely misses the manticore.
The manticore barely misses your hound zombie. x3
Your inugami hits the manticore.
Unknown command.
Your hound zombie bites the manticore but does no damage.
Your hound zombie barely misses the manticore.
The electric eel shoots out a bolt of lightning at you!
The bolt of electricity hits your hound zombie!
The bolt of electricity hits your inugami.
The bolt of electricity hits you!
You die...
Kikubaaqudgha rasps: "You have failed me!
Welcome... death!"

###'####.#.~~~~.≈ #
#....>......~≈~... #
#..........~≈S.~.> #
#.........~.~≈.... #
#........<..~~~... #
#........8..~~~...≈.~≈≈~.##
#........ZHZ.≈≈~..~.≈≈~....
#.........h9.~≈~~.~≈~~~..##
#....)...5@.~~≈≈~.~≈~....##
#...........~≈≈~~.≈≈≈~...##
#######'##.~~≈~.≈.~≈≈~~~.##
##...##...≈~)~.≈~~....##
#.>####....~.~.~~..~~.##
#.## #............%...#
###.#####.................
#....^..####..........####
#.......# #..........# #.


You could see a manticore (distracted, ally target), an electric eel (ally
target), a friendly lightning spire (summoned), a friendly blazeheart golem
(summoned), a friendly cerulean imp (summoned), 2 friendly hound zombies and a
friendly inugami (summoned, skewered).

Vanquished Creatures
  A centaur warrior (D:11)
  4 two-headed ogres
  3 skeletal warriors (D:11)
  An unseen horror (D:10)
  A troll (D:11)
  A hornet (D:10)
  5 wraiths
  A wyvern (D:9)
  A basilisk (D:11)
  3 yaks
  2 acid dragons
  A water moccasin (D:9)
  An ice beast (D:6)
  An orc warrior (D:11)
  A wolf (D:11)
  A centaur (D:11)
  2 killer bees (D:9)
  2 hounds
  An iguana (D:5)
  An orc wizard (D:10)
  A gnoll (D:9)
  3 adders
  A white imp (D:8)
  2 ufetubi (D:6)
  3 dart slugs
  An orc (D:8)
  5 giant cockroaches
  4 goblins
  2 hobgoblins
  4 kobolds
  3 quokkas
  3 ball pythons
  A bat (D:2)
  2 frilled lizards
  3 rats
72 creatures vanquished.

Vanquished Creatures (collateral kills)
  Josephine (D:10)
  A two-headed ogre (D:8)
  A boulder beetle (D:9)
  A skeletal warrior (D:11)
  Joseph (D:7)
  A troll (D:10)
  A wraith (D:10)
  3 wyverns
  9 yaks
  An acid dragon (D:9)
  5 orc warriors
  A sky beast (D:6)
  2 black bears
  An ogre (D:5)
  A wolf (D:10)
  5 centaurs
  5 bullfrogs
  2 kobold brigands
  2 gnoll sergeants (D:9)
  4 scorpions (D:4)
  4 wights (D:9)
  4 killer bees (D:9)
  5 howler monkeys
  2 gnoll boudas
  3 bombardier beetles
  6 hounds
  3 orc priests
  2 jellies
  2 sleepcaps
  2 iguanas
  9 orc wizards
  20 gnolls
  9 adders
  2 river rats (D:6)
  3 shadow imps
  A white imp (D:8)
  13 dart slugs
  5 ribbon worms
  24 orcs
  5 ball pythons
  5 endoplasms
  9 giant cockroaches
  3 goblins
  4 hobgoblins
  5 quokkas
  3 bats
  6 frilled lizards
  12 kobolds
  3 rats
222 creatures vanquished.

Vanquished Creatures (others)
  A centaur zombie (D:11)
  4 yak zombies (D:11)
  A hound (D:11)
  An orc zombie (D:11)
  A kobold (D:7)
  39 blazeheart cores
47 creatures vanquished.

Grand Total: 341 creatures vanquished

Notes
Turn   | Place    | Note
-------+----------+-------------------------------------------
     0 | D:1      | Aldia the Felid Summoner began the quest for the Orb.
     0 | D:1      | Reached XP level 1. HP: 9/9 MP: 4/4
   127 | D:1      | Reached XP level 2. HP: 6/13 MP: 3/6
   134 | D:1      | Learned a level 2 spell: Call Imp
   529 | D:1      | Found Falil's Vocational Training.
   804 | D:2      | Reached XP level 3. HP: 16/16 MP: 8/8
   808 | D:2      | Learned a level 3 spell: Call Canine Familiar
  1879 | D:3      | Identified the +0 chain mail of the Vaults {rPois rF+ rC+++
                  | Str-3}
  1930 | D:3      | Reached XP level 4. HP: 20/21 MP: 4/9
  1930 | D:3      | Gained a life (2 lives remaining)
  1938 | D:3      | Reached skill level 5 in Summonings
  1973 | D:3      | Found Uzaoph's Distillery.
  2063 | D:3      | Bought a potion of mutation for 104 gold pieces
  2099 | D:3      | Found a transporter.
  2099 | D:3      | Noticed TheBioAlchemist's ghost (amateur SpEn)
  2100 | D:3      | Noticed an ogre
  2101 | D:3      | Noticed an ogre
  2150 | D:3      | Found a transporter.
  2235 | D:3      | Learned a level 4 spell: Summon Blazeheart Golem
  2325 | D:3      | Reached XP level 5. HP: 24/24 MP: 9/11
  2504 | D:3      | Found a faded altar of an unknown god.
  2582 | D:4      | Reached skill level 1 in Fire Magic
  2588 | D:4      | Gained mutation: You are covered in thick fur. (AC +2)
                  | [Felid growth]
  2588 | D:4      | Reached XP level 6. HP: 15/28 MP: 6/13
  2774 | D:4      | Learned a level 4 spell: Summon Lightning Spire
  2783 | D:4      | Found a staircase to the Ecumenical Temple.
  2801 | Temple   | Entered the Ecumenical Temple
  2842 | D:4      | HP: 1/28 [frozen (4)]
  2967 | Temple   | Reached XP level 7. HP: 21/32 MP: 9/14
  3100 | D:4      | Reached skill level 1 in Fighting
  3100 | D:4      | Reached skill level 1 in Air Magic
  3126 | D:4      | Found Ocuufar's Magic Scroll Emporium.
  3158 | D:4      | Bought a scroll of identify for 24 gold pieces
  3478 | D:5      | Entered Level 5 of the Dungeon
  3858 | D:5      | Reached skill level 3 in Dodging
  3858 | D:5      | Reached skill level 5 in Spellcasting
  4270 | D:5      | Reached XP level 8. HP: 38/38 MP: 16/16
  4804 | D:6      | Found Fonadwyr's Magic Scroll Shop.
  4966 | D:6      | Found a burning altar of Makhleb.
  5112 | D:6      | Found a glowing drain.
  5116 | Sewer    | Entered a sewer
  5536 | D:6      | Found a stormy altar of Qazlal.
  5557 | D:6      | Reached skill level 4 in Dodging
  5670 | D:6      | Found a shimmering altar of Xom.
  5870 | D:7      | Found a hazy altar of Hepliaklqana.
  5896 | D:7      | Found a glowing silver altar of Zin.
  5896 | D:7      | Found an opulent altar of Gozag.
  5898 | D:7      | Noticed Joseph
  5899 | D:7      | You fall into a shaft and drop 1 floor!
  6057 | D:7      | Found a white marble altar of Elyvilon.
  6057 | D:7      | Found an ancient bone altar of Kikubaaqudgha.
  6057 | D:7      | Found a hide-covered altar of Uskayaw.
  6057 | D:7      | Found a glowing golden altar of the Shining One.
  6060 | D:7      | Found a sacrificial altar of Ru.
  6527 | D:7      | Shot with a sling bullet by Joseph
  6527 | D:7      | Lost a life (1 life remaining)
  6554 | D:7      | Reached XP level 9. HP: 43/43 MP: 19/19
  6554 | D:7      | Gained a life (2 lives remaining)
  6564 | D:7      | Killed Joseph
  6565 | D:7      | Reached skill level 5 in Dodging
  7115 | D:7      | Became a worshipper of Kikubaaqudgha
  7210 | D:8      | Reached skill level 5 in Fire Magic
  7282 | D:8      | Found Notyuh's Antique Weapon Emporium.
  7358 | D:8      | Noticed a two-headed ogre
  7383 | D:8      | Killed a two-headed ogre
  7384 | D:8      | Reached skill level 6 in Dodging
  7483 | D:8      | Found an iron altar of Okawaru.
  7520 | D:8      | Shot with an arrow by a centaur
  7520 | D:8      | Lost a life (1 life remaining)
  8505 | D:9      | Reached XP level 10. HP: 46/49 MP: 14/21
  8505 | D:9      | Gained a life (2 lives remaining)
  8514 | D:9      | Reached skill level 5 in Air Magic
  8516 | D:9      | Noticed a boulder beetle
  8518 | D:9      | Reached skill level 7 in Dodging
  8518 | D:9      | Reached skill level 1 in Shapeshifting
  8518 | D:9      | Reached * piety under Kikubaaqudgha
  8518 | D:9      | Received a gift from Kikubaaqudgha
  8554 | D:9      | Killed a boulder beetle
  8732 | D:9      | Learned a level 4 spell: Animate Dead
  8783 | D:9      | Found a broken altar of Ashenzari.
  9109 | D:9      | Found a runed translucent gate.
  9110 | D:9      | Found a runed translucent gate.
  9110 | D:9      | Noticed a death yak
  9111 | D:9      | Found a runed translucent gate.
  9113 | D:9      | Noticed a manticore
  9113 | D:9      | Noticed a manticore
  9113 | D:9      | Noticed a manticore
  9401 | D:10     | Entered Level 10 of the Dungeon
  9536 | D:10     | Reached skill level 5 in Fighting
  9575 | D:10     | Found a blossoming altar of Fedhas.
  9592 | D:10     | Reached skill level 8 in Dodging
  9596 | D:10     | Reached skill level 1 in Necromancy
  9668 | D:10     | Found Fuot Ysm's Weapon Emporium.
  9769 | D:10     | Noticed a two-headed ogre
  9770 | D:10     | Noticed a two-headed ogre
  9790 | D:10     | Reached ** piety under Kikubaaqudgha
  9826 | D:10     | Killed a two-headed ogre
  9827 | D:10     | Reached XP level 11. HP: 46/56 MP: 19/23
  9839 | D:10     | Killed a two-headed ogre
  9847 | D:10     | Learned a level 6 spell: Death Channel
  9984 | D:10     | Found a runed translucent gate.
  9984 | D:10     | Found a runed translucent gate.
  9985 | D:10     | Noticed knightboat's ghost (journeyman DrCj)
  9986 | D:10     | Found a runed translucent gate.
 10128 | D:10     | Noticed Josephine
 10135 | D:10     | Reached skill level 9 in Dodging
 10143 | D:10     | Killed Josephine
 10525 | D:11     | Noticed a two-headed ogre
 10740 | D:11     | Identified a scroll of acquirement
 10740 | D:11     | Acquired a book of Beasts
 11043 | D:11     | Killed a two-headed ogre
 11044 | D:11     | Reached skill level 5 in Necromancy
 11151 | D:6      | Bought a scroll of identify for 22 gold pieces
 11152 | D:6      | Bought 3 scrolls of identify for 66 gold pieces
 11155 | D:6      | Bought a scroll of butterflies for 44 gold pieces
 11242 | D:3      | Bought a potion of invisibility for 104 gold pieces
 11242 | D:3      | Bought a potion of cancellation for 104 gold pieces
 11415 | D:11     | Noticed a centaur warrior
 11438 | D:11     | Killed a centaur warrior
 11478 | D:11     | Noticed a two-headed ogre
 11489 | D:11     | Killed by an exploding blazeheart core
 11489 | D:11     | Lost a life (1 life remaining)
 11490 | D:11     | Found a shimmering blue altar of Sif Muna.
 11490 | D:11     | Killed a two-headed ogre
 11693 | D:11     | Shot with an arrow by a centaur
 11693 | D:11     | Lost a life (0 lives remaining)
 11713 | D:11     | Noticed a skeletal warrior
 11713 | D:11     | Noticed a skeletal warrior
 11714 | D:11     | Noticed a skeletal warrior
 11715 | D:11     | Noticed a skeletal warrior
 11721 | D:11     | Killed a skeletal warrior
 11722 | D:11     | Reached skill level 10 in Dodging
 11728 | D:11     | Killed a skeletal warrior
 11737 | D:11     | Killed a skeletal warrior
 11753 | D:11     | Killed a skeletal warrior
 11918 | D:11     | Gained mutation: Your thick and shaggy fur keeps you warm.
                  | (AC +3, rC+) [Felid growth]
 11918 | D:11     | Reached XP level 12. HP: 34/63 MP: 19/26
 12141 | D:11     | Found a staircase to the Lair.
 12145 | D:11     | Killed from afar by an electric eel

Illustrated notes

Levels and vault maps discovered:
D:1:      nicolae_arrival_washed_ashore, layout_rooms,
          amcnicky_mini_rare_corridor_liquid, chequers_big_river,
          nicolae_shop_vocational
D:2:      layout_basic
D:3:      minmay_wonky_spiral, layout_rooms,
          shapermc_ecumenical_altar_hornbeckon, gammafunk_ghost_smash,
          serial_shops, shop, st_stairs_5, serial_bayou_lake_a
D:4:      layout_cave_pools, minmay_temple_entry_grid, serial_column_ruins,
          column_ruins_pillar_1, column_ruins_pillar_3, column_ruins_pillar_4,
          column_ruins_pillar_5, column_ruins_pillar_1, column_ruins_pillar_1,
          column_ruins_pillar_7, column_ruins_pillar_3, column_ruins_pillar_3,
          column_ruins_pillar_4, column_ruins_pillar_6, column_ruins_pillar_7,
          column_ruins_pillar_9, column_ruins_pillar_2, column_ruins_pillar_1,
          serial_shops, shop, minivault_23
D:5:      minmay_evil_eye, layout_loops_ring
D:6:      layout_basic, makhleb_heckhound_becter, old_standard_altar,
          nicolae_qazlal_beasts_of_the_sky, serial_shops,
          nicolae_shop_rolled_up, gup_sewer_entry_spiral
D:7:      layout_rooms, nicolae_overflow_hidden_temple,
          grunt_temple_overflow_open, hangedman_decor_growths, uniq_joseph
D:8:      layout_layer_cave, okawaru_metal_pillars_3, serial_shops, shop_coins,
          serial_library_hellmonk_u_bend
D:9:      lemuel_bear_cage, layout_long_grid, evilmike_ruin_ashenzari
D:10:     kennysheep_ambush_hall, layout_basic, mainiacjoe_overflow_chevrons,
          gammafunk_ghost_necromancy, serial_shops, shop, uniq_josephine
D:11:     layout_roguey, erik_lair_island, kennysheep_orc_sif_temple
Temple:   nicolae_temple_ecumenical_triangle

Skill      XL: |  1  2  3  4  5  6  7  8  9 10 11 |
---------------+----------------------------------+-----
Spellcasting   | 3 4 5 6 7 9 |  9.1
Summonings     | 5 6 7 8 9 |  9.0
Fire Magic     | 1 2 3 4 5 |  5.0
Fighting       | 1 2 4 5 7 |  7.6
Air Magic      | 2 3 4 5 |  5.0
Dodging        | 3 4 6 8 10 | 10.0
Shapeshifting  | 2 |  2.2
Necromancy     | 3 7 |  7.6
Stealth        | 3 |  3.8

Action                     |  1- 3 |  4- 6 |  7- 9 | 10-12 || total
---------------------------+-------+-------+-------+-------++-------
  Melee: Unarmed           |    97 |    38 |   168 |    50 ||   353
         Bite              |     9 |     9 |    24 |     4 ||    46
         Punch             |       |       |     2 |       ||     2
   Cast: Summon Small Mamm |    42 |     8 |     4 |     1 ||    55
         Call Imp          |     4 |    10 |    33 |    10 ||    57
         Call Canine Famil |     3 |    11 |    40 |    15 ||    69
         Summon Blazeheart |       |       |    14 |    43 ||    57
         Summon Lightning  |       |       |     5 |     9 ||    14
         Animate Dead      |       |       |       |     4 ||     4
  Evoke: Wand              |       |       |     1 |       ||     1
    Use: Scroll            |     2 |     3 |    14 |     8 ||    27
   Stab: Sleeping          |     2 |     1 |     3 |       ||     6
         Distracted        |       |       |     4 |     1 ||     5
 Armour: Skin              |    35 |    26 |    97 |    62 ||   220
  Dodge: Dodged            |    94 |    60 |   219 |   152 ||   525
